 Dungeon Crawl Stone Soup version 0.21.1-1-g345015f (webtiles) character file.

1737 Fang the Cleaver (level 9, -2/55 HPs)
             Began as a Gargoyle Berserker on May 25, 2018.
             Was an Elder of Trog.
             Slain by a hound (3 damage)
             ... on level 6 of the Dungeon.
             The game lasted 00:08:11 (5085 turns).

Fang the Cleaver (Gargoyle Berserker)               Turns: 5085, Time: 00:08:11

Health: -2/55      AC: 12    Str: 25    XL:     9   Next: 5%
Magic:  9/9        EV: 13    Int:  7    God:    Trog [****..]
Gold:   144        SH:  0    Dex:  9    Spells: 8/8 levels left

rFire    . . .     SeeInvis .   l - +2 war axe (chop)
rCold    . . .     Gourm    .   (no shield)
rNeg     + . .     Faith    .   o - +2 robe {MR+}
rPois    ∞         Spirit   .   (no helmet)
rElec    +         Reflect  .   (no cloak)
rCorr    .         Harm     .   (no gloves)
MR       +++..                  (no boots)
Stlth    ++........             (no amulet)
HPRegen  0.18/turn              r - ring of protection from magic
MPRegen  0.11/turn              a - ring of protection from magic

@: berserk cooldown, slowed, very slow
A: molten scales 1, mutation resistance 1, negative energy resistance 1,
electricity resistance, unbreathing, petrification resistance, rot immunity, AC
+6
a: Berserk, Trog's Hand, Brothers in Arms, Burn Spellbooks, Renounce Religion


You were on level 6 of the Dungeon.
You worshipped Trog.
Trog was greatly pleased with you.
You were very hungry.

You visited 1 branch of the dungeon, and saw 6 of its levels.

You collected 219 gold pieces.
You spent 75 gold pieces at shops.

Inventory:

Hand Weapons
 h - a +3 hand axe
 l - a +2 war axe of chopping (weapon)
 n - the +4 mace of Xom's Esteem {flame, Str+8}
   (You found it on level 4 of the Dungeon)

   It has been specially enchanted to burn those struck by it, causing extra
   injury to most foes and up to half again as much damage against particularly
   susceptible opponents.
   It affects your strength (+8).
 u - a +1 hand axe of venom
Armour
 o - a +2 robe of magic resistance (worn)
Jewellery
 a - a ring of protection from magic (right hand)
 b - a +4 ring of dexterity {unknown}
 r - a ring of protection from magic (left hand)
Wands
 p - a wand of polymorph (15)
 q - a wand of acid (9)
 s - a wand of iceblast (3)
Scrolls
 e - a scroll of enchant armour
 w - a scroll of remove curse
Potions
 d - a potion of heal wounds
 f - 2 potions of brilliance
 g - 2 potions of cancellation {unknown}
 i - 2 potions of curing {unknown}
 j - a potion of ambrosia {unknown}
 k - 2 potions of haste
 m - 2 potions of agility {unknown}
 t - a potion of berserk rage {unknown}
Comestibles
 c - 9 rations


   Skills:
 + Level 5.9 Fighting
 + Level 8.3 Axes
 + Level 2.4 Armour
 + Level 4.7 Dodging
 + Level 2.0 Stealth


You had 8 spell levels left.
You didn't know any spells.

Dungeon Overview and Level Annotations

Branches:
Dungeon (6/15)
 Temple: D:4-7

Altars:
Cheibriados
Elyvilon
Hepliaklqana
Nemelex Xobeh
Trog
Yredelemnul
Zin

Shops:
D:5 *


Innate Abilities, Weirdness & Mutations

You are resistant to torment.
Your stone body is resilient. (AC +6)
You are immune to poison.
You resist negative energy. (rN+)
You are resistant to electric shocks. (rElec)
You can survive without breathing.
You are immune to petrification.
You are immune to rotting.
You are partially covered in molten scales. (AC +2)
You are somewhat resistant to further mutation.


Message History

* * * LOW HITPOINT WARNING * * *
The arrow freezes you.
* * * LOW HITPOINT WARNING * * *
The hound bites you but does no damage.
You see here an arrow.
The centaur shoots an arrow.
The arrow closely misses you.
The arrow barely misses the hound.
You feel your anger nearly subside.
The centaur shoots an arrow.
The arrow closely misses you.
The arrow misses the hound.
You are no longer berserk.
You are exhausted.
You feel yourself slow down.
The centaur shoots an arrow.
The arrow hits you!
* * * LOW HITPOINT WARNING * * *
The arrow freezes you.
* * * LOW HITPOINT WARNING * * *
You see here an arrow.
The centaur unwields an uncursed shortbow of freezing.
The centaur barely misses you. The hound bites you.
You die...

.## #........##......###
..####..#................
...#...####.....(......#
......## ##....((....#
.....## #....(.....#
......######..........##
.........##............#
................h......#
......###.......@......#
.....## ###.....c.......#
†....# ##.$..........#
....## #............
...## #............ ..##
...#.......... ...
...#####....... .... ..#
###.... ....


You could see a centaur and a hound.

Vanquished Creatures
  The ghost of dirtydan the Shield-Bearer, a novice GnFi (D:4)
  Grinder (D:5)
  Sigmund (D:2)
  A phantom (D:5)
  A necrophage (D:5)
  A centaur (D:5)
  An ogre (D:5)
  A scorpion (D:5)
  A crimson imp (D:5)
  A jelly (D:5)
  2 orc priests
  A bullfrog skeleton (D:2)
  Crazy Yiuf (D:3)
  Natasha (thrice) (D:4)
  An orc wizard (D:4)
  5 worker ants
  A hound zombie (D:5)
  A howler monkey zombie (D:5)
  7 gnolls
  10 adders
  2 oozes
  4 worms
  3 dart slugs
  4 leopard geckos
  10 orcs
  2 ball pythons
  2 bats
  6 giant cockroaches
  8 goblins
  5 hobgoblins
  18 jackals
  A ball python skeleton (D:4)
  6 frilled lizards
  5 kobolds
  A quokka zombie (D:6)
  6 rats
125 creatures vanquished.

Vanquished Creatures (others)
  A quokka (D:3)
1 creature vanquished.

Grand Total: 126 creatures vanquished

Notes
Turn   | Place    | Note
-------+----------+-------------------------------------------
     0 | D:1      | Fang the Gargoyle Berserker began the quest for the Orb.
     0 | D:1      | Reached XP level 1. HP: 14/14 MP: 1/1
    99 | D:1      | Reached XP level 2. HP: 14/19 MP: 2/2
   278 | D:1      | Reached skill level 3 in Axes
   675 | D:1      | Reached XP level 3. HP: 24/24 MP: 3/3
  1215 | D:2      | Reached XP level 4. HP: 29/29 MP: 4/4
  1258 | D:2      | Found a hazy altar of Hepliaklqana.
  1376 | D:2      | Noticed Sigmund
  1377 | D:2      | Found a bloodstained altar of Trog.
  1391 | D:2      | Killed Sigmund
  1391 | D:2      | Reached ** piety under Trog
  1391 | D:2      | Reached skill level 4 in Axes
  1391 | D:2      | Reached XP level 5. HP: 32/34 MP: 5/5
  1391 | D:2      | Reached XP level 6. HP: 37/39 MP: 6/6
  1675 | D:2      | Found a snail-covered altar of Cheibriados.
  1776 | D:2      | Found a basalt altar of Yredelemnul.
  1886 | D:2      | Found a glowing silver altar of Zin.
  1945 | D:2      | Found a sparkling altar of Nemelex Xobeh.
  2101 | D:3      | Reached skill level 5 in Axes
  2393 | D:3      | Gained mutation: Your mind is acute. (Int +2) [potion of mutation]
  2393 | D:3      | Gained mutation: You are agile. (Dex +2) [potion of mutation]
  2583 | D:3      | Found a white marble altar of Elyvilon.
  2636 | D:3      | Found a runed door.
  2789 | D:3      | Noticed Crazy Yiuf
  2793 | D:3      | Killed Crazy Yiuf
  2876 | D:4      | Noticed dirtydan's ghost (novice GnFi)
  2899 | D:4      | Killed dirtydan's ghost
  2899 | D:4      | Reached skill level 5 in Fighting
  2899 | D:4      | Reached skill level 6 in Axes
  2899 | D:4      | Reached skill level 1 in Stealth
  2899 | D:4      | Reached XP level 7. HP: 18/44 MP: 7/7
  3223 | D:4      | Reached *** piety under Trog
  3495 | D:4      | Reached XP level 8. HP: 47/49 MP: 8/8
  3500 | D:4      | Noticed Natasha
  3511 | D:4      | Killed Natasha
  3522 | D:4      | Got an encrusted mace
  3523 | D:4      | Identified the +4 mace of Xom's Esteem {flame, Str+8} (You found it on level 4 of the Dungeon)
  3727 | D:4      | Noticed Natasha
  3749 | D:4      | Killed Natasha
  3837 | D:4      | Noticed Natasha
  3844 | D:4      | Killed Natasha
  3848 | D:4      | Lost mutation: You are agile. (Dex +2) [potion of mutation]
  3848 | D:4      | Lost mutation: Your mind is acute. (Int +2) [potion of mutation]
  3848 | D:4      | Gained mutation: You are partially covered in molten scales. (AC +2) [potion of mutation]
  3848 | D:4      | Gained mutation: You are somewhat resistant to further mutation. [potion of mutation]
  3986 | D:5      | Entered Level 5 of the Dungeon
  4023 | D:5      | Reached skill level 7 in Axes
  4093 | D:5      | Found Laippequ's Assorted Antiques.
  4096 | D:5      | Bought a golden potion for 23 gold pieces
  4096 | D:5      | Bought a scroll of identify for 52 gold pieces
  4189 | D:5      | Noticed Grinder
  4199 | D:5      | Killed Grinder
  4370 | D:5      | Reached skill level 8 in Axes
  4644 | D:5      | Reached **** piety under Trog
  4669 | D:5      | Reached XP level 9. HP: 42/55 MP: 9/9
  5084 | D:6      | HP: 2/55 [centaur/arrow (8)]
  5085 | D:6      | Slain by a hound

Skill      XL: |  1  2  3  4  5  6  7  8  9 |
---------------+----------------------------+-----
Axes           | 3 4 6 8 |  8.3
Fighting       | 4 5 |  5.9
Dodging        | 2 3 4 |  4.7
Stealth        | 1 2 |  2.0
Armour         | |  2.4

Action                   |  1- 3 |  4- 6 |  7- 9 || total
-------------------------+-------+-------+-------++-------
Melee: Hand axe          |    61 |   196 |    77 ||   334
       War axe           |       |       |    94 ||    94
Invok: Berserk           |     2 |     4 |     4 ||    10
  Use: Scroll            |       |     7 |     4 ||    11
       Potion            |       |     2 |     1 ||     3
 Stab: Distracted        |       |       |     1 ||     1
  Eat: Chunk             |     2 |     7 |     9 ||    18
       Ration            |       |     1 |       ||     1
Armor: Animal skin       |    16 |     6 |       ||    22
       Robe              |       |    77 |    73 ||   150
Dodge: Dodged            |    41 |   141 |   127 ||   309
